 Dungeon Crawl Stone Soup version 0.30-a0-782-ge64f9170bb (webtiles) character file.

Game seed: 18048396870346022122

66133 mopl the Jinx (level 14, -6/84 HPs)
             Began as a Deep Elf Enchanter on Mar 15, 2023.
             Was the Champion of Dithmenos.
             Mangled by a death yak (24 damage)
             ... in an ice cave.
             The game lasted 01:02:22 (23378 turns).

mopl the Jinx (Deep Elf Enchanter)                 Turns: 23378, Time: 01:02:22

Health: -6/84      AC: 10    Str: 14    XL:     14   Next: 78%
Magic:  28/33      EV: 11    Int: 26    God:    Dithmenos [******]
Gold:   1421       SH: 14    Dex: 15    Spells: 4/39 levels left

rFire   . . .      SeeInvis +    a - +5 dagger
rCold   + + .      Faith    .    i - +0 kite shield {rC+}
rNeg    . . .      Spirit   .    I - +0 steam dragon scales
rPois   .          Reflect  +    Z - +1 hat {SInv}
rElec   .          Harm     .    f - +0 cloak {Stlth+}
rCorr   .          Rampage  .    (no gloves)
Will    +....                    p - +2 pair of boots of the Known World {rC+ Str+3} Stlth **++++++++
                                 u - amulet of reflection
HPRegen 0.34/turn                m - ring of see invisible
MPRegen 0.23/turn                C - +6 ring of strength

@: confusing by touch, wreathed by umbra
A: no striking features
a: Renounce Religion, Shadow Step, Shadow Form


You were in an ice cave.
You worshipped Dithmenos.
Dithmenos was exalted by your worship.
You visited 4 branches of the dungeon, and saw 21 of its levels.
You also visited: Ice Cave.

You collected 2464 gold pieces.
You spent 1043 gold pieces at shops.

Inventory:

Hand Weapons
 a - a +5 dagger (weapon)
Missiles
 z - 6 throwing nets
 G - 2 curare-tipped darts
 N - 81 poisoned darts
Armour
 f - a +0 cloak of stealth (worn)
 i - a +0 kite shield of cold resistance (worn)
 p - the +2 pair of boots of the Known World (worn) {rC+ Str+3}
   (You acquired it on level 9 of the Dungeon)

   Str:       It affects your strength (+3).
   rC:        It protects you from cold.
 x - a +1 leather armour of fire resistance
 I - +0 steam dragon scales (worn)
 Z - a +1 hat of see invisible (worn)
Magical Staves
 b - a staff of earth
Jewellery
 m - a ring of see invisible (left hand)
 u - an amulet of reflection (around neck)
 C - a +6 ring of strength (right hand)
 Y - a ring of flight
Wands
 j - a wand of charming (5)
 q - a wand of polymorph (39)
 w - a wand of digging (6)
 H - a wand of quicksilver (12)
 J - a wand of roots (18)
 O - a wand of mindburst (23)
 W - a wand of flame (30)
Scrolls
 g - 5 scrolls of poison
 h - 3 scrolls of identify
 l - 11 scrolls of teleportation
 v - 3 scrolls of fog
 B - a scroll of butterflies
 F - 7 scrolls of fear
 P - a scroll of magic mapping
 Q - a scroll of vulnerability
 T - 2 scrolls of silence {!r}
Potions
 c - 3 potions of invisibility
 d - 4 potions of flight
 e - 3 potions of brilliance
 k - 3 potions of heal wounds
 n - 5 potions of might
 o - 12 potions of curing
 r - 4 potions of resistance
 s - 3 potions of haste
 A - a potion of berserk rage {!q}
 E - a potion of lignification {!q}
 R - a potion of magic
Miscellaneous
 t - a lightning rod (4/4)
 y - a piece from Xom's chessboard (15/15)
 V - a condenser vane


   Skills:
 + Level 8.1 Fighting
 + Level 10.1 Short Blades
 + Level 4.2 Throwing
 - Level 2.4 Dodging
 + Level 13.5 Stealth
 + Level 3.4 Shields
 + Level 13.4 Spellcasting
 + Level 13.6 Hexes
 + Level 9.0 Transmutations
 + Level 7.6 Earth Magic
 + Level 2.0 Poison Magic
 + Level 4.9 Invocations
 + Level 7.1 Evocations


You had 4 spell levels left.
You knew the following spells:

 Your Spells              Type           Power      Damage    Failure   Level
a - Dazzling Flash        Conj/Hex       100%       N/A       1%          3
b - Ensorcelled Hibernat  Hex/Ice        100%       N/A       1%          2
c - Confusing Touch       Hex            73%        N/A       1%          3
d - Tukima's Dance        Hex            73%        N/A       1%          3
e - Apportation           Tloc           34%        N/A       10%         1
f - Alistair's Intoxicat  Tmut/Pois      30%        N/A       28%         5
p - Passwall              Tmut/Erth      47%        N/A       1%          2
t - Petrify               Tmut/Erth      57%        N/A       3%          4
y - Yara's Violent Unrav  Hex/Tmut       33%        3d14      2%          5
F - Enfeeble              Hex            36%        N/A       30%         7

Your spell library contained the following spells:

 Spells                   Type           Power      Damage    Failure   Level
 Sandblast                Erth           100%       2d20      1%          1
 Stone Arrow              Conj/Erth      74%        3d11      6%          3
 Fulminant Prism          Conj/Hex       26%        3d14      6%          4
 Magic Dart               Conj           68%        1d6       10%         1
 Necrotise                Necr           68%        1d7       10%         1
 Summon Small Mammal      Summ           68%        N/A       10%         1
 Lesser Beckoning         Tloc           34%        N/A       16%         2
 Animate Armour           Summ/Erth      74%        N/A       21%         4
 Gell's Gravitas          Tloc           17%        N/A       30%         3
 Kindle Blastsparks       Fire/Tloc/Air  34%        2d12      30%         3
 Teleport Other           Tloc           17%        N/A       30%         3
 Iskenderun's Mystic Bla  Conj/Tloc      17%        2d5       69%         4
 Lee's Rapid Deconstruct  Erth           27%        3d14*     12%         5
 Metabolic Englaciation   Hex/Ice        26%        N/A       17%         5
 Statue Form              Tmut/Erth      38%        N/A       45%         6
 Borgnjor's Vile Clutch   Necr/Erth      18%        N/A       50%         5
 Eringya's Noxious Bog    Tmut/Pois      23%        N/A       85%         6
 Discord                  Hex            36%        N/A       94%         8
 Lightning Bolt           Conj/Air       8%         1d21      95%         5
 Conjure Ball Lightning   Conj/Air       8%         3x3d6     100%        6
 Disjunction              Tloc           8%         N/A       100%        8
 Lehudib's Crystal Spear  Conj/Erth      18%        10d6      100%        8


Dungeon Overview and Level Annotations

Branches:
Dungeon (13/15)            Temple (1/1) D:4            Lair (5/5) D:10
 Shoals (0/4) Lair:3       Spider (0/4) Lair:2        Slime (0/5) Lair:5
    Orc (2/2) D:10            Elf (0/3) Orc:2         IceCv (1/1)
 Vaults: D:13-14

Altars:
Ashenzari
Cheibriados
Dithmenos
Elyvilon
Fedhas
Gozag
Hepliaklqana
Kikubaaqudgha
Makhleb
Nemelex Xobeh
Okawaru
Qazlal
Ru
Sif Muna
Trog
Uskayaw
Vehumet
Wu Jian
Xom
Yredelemnul
Zin
The Shining One
Jiyva

Shops:
D:11 *   Orc:2 [([[

Annotations:
Lair:5 2 runed translucent doors, surr's ghost, journeyman DEGl
Orc:2 fly helmet IceCv exclusion: ice statue


Message History

The helpless death yak fails to defend itself.
You perforate the death yak like a sieve!!!!
The death yak is severely wounded.
Your shadow hits the death yak but does no damage.
The helpless death yak fails to defend itself.
You perforate the death yak like a sieve!!!!
You kill the death yak!
Dithmenos accepts your kill.
The death yak snorts and paws the ground.
The death yak gores you!
Your Poison Magic skill increases to level 2!
The death yak gores you!!
You see here a +0 scale mail.
Casting: Petrify (dangerous; 3% risk of failure)
Confirm with . or Enter, or press ? or * to list all spells.
Your hands begin to glow red.
The death yak gores you but does no damage.
You barely miss the death yak. You hit the death yak but do no damage.
You block the death yak's attack.
You hit the death yak but do no damage. You block the death yak's attack.
You hit the death yak but do no damage. You hit the death yak but do no damage.
You block the death yak's attack.
You hit the death yak but do no damage.
Your shadow hits the death yak but does no damage.
The death yak gores you!!
You emit a cloud of dark smoke.
The death yak bellows!
You are too injured to fight recklessly!
The death yak attacks as you move away! The death yak gores you!
You see here a +0 ring mail.
Casting: Confusing Touch (safe; 1% risk of failure)
Confirm with . or Enter, or press ? or * to list all spells.
Aiming: Passwall (safe; 1% risk of failure)
Press: ? - help, Dir - move target An ice covered rock wall.
This square is wreathed by an umbra.
You begin to meditate on the wall.
You continue meditating on the rock.
The death yak gores you!
* * * LOW HITPOINT WARNING * * *
You emit a cloud of dark smoke.
The death yak gores you!!
You die...

######## ######## #####
##......## ##......######~†#.
##...###..####.....##..##~~##.#
#..⌠.[###...#....######~~~####.
##...## ###....###≈≈≈≈≈~~####..
###..# #######§§##≈≈≈≈≈≈≈##..#
#..####..####§####≈≈≈≈≈≈≈##..
###..#.##..#@#.#≈≈≈≈≈≈≈≈≈###.
###.#####§YY###≈≈≈≈≈≈≈≈#..# ###
###§§§##≈≈≈≈≈≈##...
###§§###≈≈≈##..## ##..# # ###.#
#..## ###. ###. #..†##
##≈≈≈≈#... #....# #≈≈≈≈≈≈.##
.Y...# ##≈≈≈≈≈###


You could see 2 death yaks.

Vanquished Creatures
  Saint Roka (Orc:2)
  Gastronok (D:10)
  Harold (Orc:1)
  3 hydras
  A centaur warrior (D:10)
  2 ironbound frosthearts (IceCv)
  A boulder beetle (D:12)
  A two-headed ogre (D:13)
  3 catoblepae (Lair:5)
  5 death yaks
  Nergalle (D:11)
  An orc knight (Orc:2)
  An orb spider (Lair:2)
  Pikel (D:6)
  An ugly thing (IceCv)
  3 manticores
  3 orc sorcerers (Orc:2)
  2 oklob plants
  3 cyclopes
  3 black mambas
  An orange demon (D:8)
  2 gargoyles (D:10)
  9 cane toads
  Maggie (D:6)
  5 komodo dragons
  3 rime drakes
  Psyche (D:11)
  8 kobold demonologists
  2 trolls
  11 polar bears
  A hornet (D:8)
  21 blink frogs
  A snapping turtle (Lair:3)
  A vampire (D:12)
  A shadow (D:10)
  9 slime creatures
  A wraith (D:11)
  72 yaks
  6 wyverns
  4 vampire mosquitoes (D:11)
  5 steam dragons
  2 basilisks
  2 wargs (Orc:2)
  5 acid dragons
  Duvessa (D:5)
  16 water moccasins
  4 ice beasts
  6 black bears
  31 orc warriors
  A sky beast (D:7)
  29 wolves
  7 ogres
  17 centaurs
  4 lemures
  9 kobold brigands
  2 phantoms
  A necrophage (D:4)
  9 bullfrogs
  3 gnoll sergeants
  2 scorpions
  3 wights (D:5)
  Dowan (D:5)
  6 killer bees (D:8)
  An electric eel (D:8)
  A howler monkey (D:10)
  3 hounds
  15 jellies
  2 gnoll boudas
  17 orc priests
  4 iguanas
  21 orc wizards
  A mummy (D:3)
  25 gnolls
  6 adders
  A shadow imp (D:6)
  A white imp (D:5)
  5 worms
  A dart slug (D:4)
  81 orcs
  4 bats
  4 endoplasms
  3 giant cockroaches
  5 hobgoblins
  4 jackals (D:4)
  3 quokkas
  7 ball pythons
  A frilled lizard (D:2)
  3 goblins
  39 kobolds
  4 rats
626 creatures vanquished.

Vanquished Creatures (collateral kills)
  Amaemon (D:8)
  Sigmund (D:2)
  A gnoll sergeant (Orc:1)
  2 wights (D:5)
  3 orc priests
  2 gnolls (D:4)
10 creatures vanquished.

Vanquished Creatures (others)
  4 dancing weapons
  25 fungi
  24 plants
53 creatures vanquished.

Grand Total: 689 creatures vanquished

Notes
Turn   | Place    | Note
-------+----------+-------------------------------------------
     0 | D:1      | mopl the Deep Elf Enchanter began the quest for the Orb.
     0 | D:1      | Reached XP level 1. HP: 10/10 MP: 6/6
   135 | D:1      | Found a faded altar of an unknown god.
   555 | D:1      | Reached XP level 2. HP: 15/15 MP: 8/8
   558 | D:1      | Learned a level 2 spell: Ensorcelled Hibernation
   618 | D:2      | Noticed Sigmund
   718 | D:2      | Reached skill level 4 in Stealth
   797 | D:2      | Found a broken altar of Ashenzari.
  1026 | D:2      | Reached XP level 3. HP: 13/19 MP: 7/10
  1035 | D:2      | Learned a level 3 spell: Confusing Touch
  1039 | D:2      | Learned a level 3 spell: Tukima's Dance
  1237 | D:2      | Killed Sigmund
  1238 | D:2      | Reached skill level 2 in Short Blades
  1238 | D:2      | Reached skill level 4 in Spellcasting
  1238 | D:2      | Reached skill level 5 in Hexes
  1238 | D:2      | Reached XP level 4. HP: 24/24 MP: 5/12
  1238 | D:2      | Reached XP level 5. HP: 28/28 MP: 5/13
  1309 | D:2      | Identified the +12 whip of Mokoig {protect, Str+2 Int+3
                  | Dex+4}
  1446 | D:3      | Reached skill level 5 in Stealth
  1604 | D:3      | Found a snail-covered altar of Cheibriados.
  1825 | D:3      | Identified the +11 mace of Esejys {heavy, Fly Dex+3}
  1977 | D:3      | Reached skill level 3 in Short Blades
  2261 | D:4      | Learned a level 3 spell: Dazzling Flash
  2415 | D:4      | Reached skill level 5 in Spellcasting
  2415 | D:4      | Reached XP level 6. HP: 30/33 MP: 12/15
  2503 | D:4      | Found a staircase to the Ecumenical Temple.
  2512 | Temple   | Entered the Ecumenical Temple
  2609 | Temple   | Became a worshipper of Dithmenos the Shadowed
  3088 | D:4      | Reached skill level 1 in Fighting
  3217 | D:4      | Reached skill level 6 in Hexes
  3376 | D:4      | Found the +5 woodcutter's axe
  3549 | D:4      | Reached XP level 7. HP: 38/38 MP: 17/17
  3576 | D:4      | Reached skill level 6 in Stealth
  3678 | D:4      | Reached * piety under Dithmenos
  3761 | D:5      | Entered Level 5 of the Dungeon
  3839 | D:5      | Reached skill level 2 in Fighting
  3894 | D:5      | Reached skill level 4 in Short Blades
  3894 | D:5      | Reached skill level 6 in Spellcasting
  4091 | D:5      | Noticed Duvessa
  4097 | D:5      | Noticed Dowan
  4258 | D:5      | Reached skill level 7 in Hexes
  4258 | D:5      | Reached XP level 8. HP: 40/45 MP: 15/19
  4387 | D:5      | Found a shimmering altar of Xom.
  4415 | D:5      | Reached skill level 7 in Stealth
  4469 | D:5      | HP: 1/45 [kobold brigand/+0 short sword (4)]
  4659 | D:5      | Reached skill level 3 in Fighting
  4659 | D:5      | Reached skill level 7 in Spellcasting
  4720 | D:6      | Noticed Pikel
  4809 | D:6      | Killed Pikel
  4810 | D:6      | Reached skill level 5 in Short Blades
  4810 | D:6      | Reached skill level 8 in Stealth
  4810 | D:6      | Reached skill level 8 in Hexes
  4810 | D:6      | Reached XP level 9. HP: 51/51 MP: 11/22
  4962 | D:6      | Noticed Maggie
  4968 | D:6      | Killed Maggie
  5222 | D:6      | Reached skill level 8 in Spellcasting
  5227 | D:6      | Reached ** piety under Dithmenos
  5511 | D:7      | Reached skill level 4 in Fighting
  5740 | D:7      | Reached skill level 6 in Short Blades
  5758 | D:7      | Learned a level 5 spell: Yara's Violent Unravelling
  5767 | D:7      | Reached skill level 9 in Hexes
  5884 | D:7      | Reached skill level 1 in Transmutations
  5983 | D:7      | Reached skill level 9 in Stealth
  6482 | D:8      | Noticed an orange demon
  6484 | D:8      | Noticed Amaemon
  6489 | D:8      | Killed an orange demon
  6490 | D:8      | Reached skill level 2 in Transmutations
  6518 | D:8      | Killed Amaemon
  6519 | D:8      | Reached skill level 9 in Spellcasting
  6519 | D:8      | Reached XP level 10. HP: 28/58 MP: 22/25
  6878 | D:8      | Reached skill level 5 in Fighting
  6878 | D:8      | Reached skill level 3 in Transmutations
  6888 | D:7      | Reached skill level 10 in Hexes
  7018 | D:8      | Reached *** piety under Dithmenos
  7152 | D:8      | Found a hazy altar of Hepliaklqana.
  7170 | D:8      | Found a shimmering blue altar of Sif Muna.
  7279 | D:8      | Reached skill level 7 in Short Blades
  7533 | D:9      | Reached skill level 10 in Stealth
  7606 | D:9      | Reached skill level 4 in Transmutations
  7635 | D:9      | Reached skill level 10 in Spellcasting
  8181 | D:9      | Learned a level 2 spell: Passwall
  8278 | D:9      | Reached XP level 11. HP: 64/64 MP: 24/27
  8295 | D:9      | Reached **** piety under Dithmenos
  8296 | D:9      | Reached skill level 1 in Earth Magic
  8461 | D:9      | Learned a level 4 spell: Petrify
  8597 | D:9      | Found a sparkling altar of Nemelex Xobeh.
  8795 | D:9      | Identified a scroll of acquirement
  8799 | D:9      | Acquired the +2 pair of boots of the Known World {rC+
                  | Str+3}
  8876 | D:5      | Killed Duvessa
  8881 | D:5      | Killed Dowan
  9295 | D:10     | Entered Level 10 of the Dungeon
  9423 | D:10     | Reached skill level 5 in Transmutations
  9423 | D:10     | Reached skill level 1 in Evocations
  9452 | D:10     | Found a staircase to the Orcish Mines.
  9476 | D:10     | Reached skill level 2 in Earth Magic
  9498 | D:10     | Found a runed translucent door.
  9503 | D:10     | Noticed a centaur warrior
  9554 | D:10     | Reached skill level 11 in Hexes
  9640 | D:10     | Reached skill level 6 in Fighting
  9687 | D:10     | Reached skill level 2 in Evocations
  9695 | D:10     | Reached skill level 11 in Stealth
 10089 | D:10     | Found a staircase to the Lair.
 10182 | Lair:1   | Entered Level 1 of the Lair of Beasts
 10182 | Lair:1   | Noticed Gastronok
 10769 | D:10     | Killed Gastronok
 10770 | D:10     | Reached skill level 8 in Short Blades
 10770 | D:10     | Reached skill level 3 in Earth Magic
 10985 | Lair:1   | Reached skill level 11 in Spellcasting
 11037 | Lair:1   | Reached skill level 3 in Evocations
 11059 | Lair:1   | Reached skill level 6 in Transmutations
 11098 | Lair:1   | Reached ***** piety under Dithmenos
 11110 | Lair:1   | Reached XP level 12. HP: 71/71 MP: 10/29
 11914 | Lair:2   | Reached skill level 4 in Earth Magic
 12245 | Lair:2   | Found a hole to the Spider Nest.
 12427 | Lair:2   | Reached skill level 4 in Evocations
 12738 | Lair:3   | Reached skill level 12 in Hexes
 13259 | Lair:3   | Noticed a seven-headed hydra
 13334 | Lair:3   | Killed a seven-headed hydra
 13335 | Lair:3   | Reached skill level 12 in Stealth
 13335 | Lair:3   | Reached skill level 7 in Transmutations
 13335 | Lair:3   | Reached skill level 5 in Earth Magic
 13404 | Lair:3   | Noticed a five-headed hydra
 13503 | Lair:3   | Found a staircase to the Shoals.
 13547 | Lair:3   | Killed a five-headed hydra
 13548 | Lair:3   | Reached skill level 7 in Fighting
 13675 | Lair:3   | Reached skill level 9 in Short Blades
 13690 | Lair:3   | Reached skill level 12 in Spellcasting
 14101 | Lair:4   | Reached skill level 5 in Evocations
 14363 | Lair:4   | Noticed a six-headed hydra
 14416 | Lair:4   | Killed a six-headed hydra
 14806 | Lair:5   | Entered Level 5 of the Lair of Beasts
 14840 | Lair:5   | Reached XP level 13. HP: 74/76 MP: 18/31
 14887 | Lair:5   | Learned a level 7 spell: Enfeeble
 15015 | Lair:5   | Found a large runed translucent door.
 15017 | Lair:5   | Found a large runed translucent door.
 15020 | Lair:5   | Noticed surr's ghost (journeyman DEGl)
 15091 | Lair:5   | Found a staircase to the Slime Pits.
 15091 | Lair:5   | Found a viscous altar of Jiyva.
 15406 | Lair:5   | Reached skill level 1 in Invocations
 15583 | Lair:5   | Reached skill level 1 in Throwing
 15762 | Lair:5   | Reached skill level 1 in Shields
 15789 | Lair:5   | Reached skill level 6 in Earth Magic
 16404 | Lair:5   | Reached skill level 2 in Invocations
 16424 | Lair:5   | Reached ****** piety under Dithmenos
 16536 | Lair:5   | Got the Thoughts on Striking
 16808 | D:11     | Noticed Psyche
 16888 | D:11     | Killed Psyche
 16889 | D:11     | Reached skill level 2 in Throwing
 16889 | D:11     | Reached skill level 6 in Evocations
 16942 | D:11     | Reached skill level 8 in Transmutations
 17202 | D:11     | You fall into a shaft and drop 1 floor!
 17252 | D:11     | Noticed Nergalle
 17468 | D:11     | Reached skill level 2 in Shields
 17815 | D:11     | Killed Nergalle
 17816 | D:11     | Reached skill level 13 in Hexes
 17816 | D:11     | Reached skill level 3 in Invocations
 17990 | D:11     | Found Ycogoanu's Assorted Antiques.
 17993 | D:11     | Bought a scroll labelled QITRUS RUAWA for 33 gold pieces
 17993 | D:11     | Bought a fuming brown potion for 29 gold pieces
 17993 | D:11     | Bought a scroll of teleportation for 99 gold pieces
 18514 | D:12     | Reached skill level 13 in Stealth
 18877 | D:12     | Learned a level 1 spell: Apportation
 18964 | Orc:1    | Entered Level 1 of the Orcish Mines
 19387 | Orc:1    | You fall into a shaft and drop 1 floor!
 19387 | Orc:2    | Entered Level 2 of the Orcish Mines
 19535 | Orc:2    | Found a staircase to the Elven Halls.
 19570 | Orc:1    | Noticed Harold
 19587 | Orc:1    | Reached XP level 14. HP: 74/83 MP: 26/32
 19702 | Orc:2    | Found Uxiukk's Antique Armour Shoppe.
 20365 | Orc:2    | Found Plog's Antique Armour Shoppe.
 20492 | Orc:1    | Reached skill level 3 in Throwing
 20790 | Orc:1    | Killed Harold
 20791 | Orc:1    | Reached skill level 13 in Spellcasting
 20903 | Orc:2    | Noticed Saint Roka
 20906 | Orc:2    | Reached skill level 7 in Earth Magic
 21483 | Orc:2    | Reached skill level 4 in Invocations
 21628 | Orc:2    | Found Xoilehik's Antique Armour Boutique.
 21630 | Orc:2    | Found Gatsocishruh's Antique Weapon Shop.
 21643 | Orc:2    | Bought a pitted troll leather armour for 540 gold pieces
 21643 | Orc:2    | Identified the +3 troll leather armour of Patience {-Tele
                  | rN+ Regen+ Dex+2} (You bought it in a shop on level 2 of
                  | the Orcish Mines)
 21957 | Orc:2    | Bought a shimmering helmet for 342 gold pieces
 21957 | Orc:2    | Identified the +2 helmet of Qaibucaf {Fly} (You bought it
                  | in a shop on level 2 of the Orcish Mines)
 21984 | Orc:2    | Killed Saint Roka
 22147 | D:10     | Reached skill level 10 in Short Blades
 22156 | D:10     | Reached skill level 3 in Shields
 22159 | D:10     | Reached skill level 8 in Fighting
 22312 | Lair:1   | Learned a level 5 spell: Alistair's Intoxication
 22367 | D:13     | Found a broken altar of Ashenzari.
 22489 | D:13     | Found a frozen archway.
 22514 | IceCv    | Entered an ice cave
 22647 | IceCv    | Identified the +1 chain mail "Ymuow" {Rampage Str+3 Int+2
                  | Dex+6}
 22663 | IceCv    | Reached skill level 1 in Poison Magic
 22828 | IceCv    | Reached skill level 7 in Evocations
 22855 | IceCv    | Identified the +1 chain mail of the Grey Skies {SInv}
 23014 | IceCv    | Reached skill level 4 in Throwing
 23117 | IceCv    | Reached skill level 9 in Transmutations
 23365 | IceCv    | Reached skill level 2 in Poison Magic
 23378 | IceCv    | Mangled by a death yak

Illustrated notes

Levels and vault maps discovered:
D:1:      lemuel_arrival_rhombus, layout_rooms,
          shapermc_ecumenical_altar_mp_highgroup, st_stairs_9,
          roderic_three_in_a_row, minmay_tromino_v2
D:2:      layout_loops_cross, basic_altar, uniq_sigmund
D:3:      layout_rooms, slow_altar_1, hangedman_decor_growths, hex_tiny
D:4:      layout_basic, minmay_temple_entry_statues,
          pf_guarded_unrand_woodcutter
D:5:      layout_cave_pools, kennysheep_mini, uniq_duvessa
D:6:      layout_basic, uniq_maggie, uniq_pikel
D:7:      layout_loops_corners
D:8:      layout_loops_ring, nicolae_overflow_squiral, uniq_amaemon
D:9:      layout_cave_pods, nemelex_diamond_rough_becter
D:10:     layout_roguey, grunt_lair_entry_orc_guard_hut, orc_0_dummy,
          minmay_st_funbox, hangedman_decor_opposing
D:11:     layout_roguey, serial_shops, shop_statue, uniq_psyche, uniq_nergalle
D:12:     layout_roguey, lemuel_flamethrower_3
D:13:     layout_big_octagon, portal_ice_cave_rime, ashenzari_altar_1
Temple:   minmay_temple_bridge_d
Lair:1:   layout_regular_city, uniq_gastronok
Lair:2:   layout_gridlike, nicolae_spider_entry_orb_guardian
Lair:3:   layout_small_grid, minmay_shoals_entry_hut
Lair:4:   layout_cave_pods, infiniplex_staircase_pool_2
Lair:5:   evilmike_catoblepas_cave, layout_regular_city,
          minmay_slime_entry_jelly_boxes, ebering_ghost_disaster_area
Orc:1:    layout_diamond_mine, mines3_lemuel, uniq_harold
Orc:2:    grunt_orc_community_town_hall, layout_diamond_mine,
          grunt_orc_community_big_house_2, grunt_orc_community_big_house_2,
          grunt_orc_community_house_3, grunt_orc_community_house_2,
          grunt_orc_community_house_3, grunt_orc_community_house_2
IceCv:    ice_cave_caverns_02

Skill      XL: |  1  2  3  4  5  6  7  8  9 10 11 12 13 14 |
---------------+-------------------------------------------+-----
Stealth        | 4 5 6 8 9 10 11 12 13 | 13.5
Short Blades   | 2 3 4 5 6 7 8 9 10 | 10.1
Spellcasting   | 4 5 6 7 9 10 11 12 13 | 13.4
Hexes          | 5 6 7 8 9 10 11 12 13 | 13.6
Fighting       | 1 2 3 4 5 6 7 8 |  8.1
Transmutations | 2 4 6 7 8 9 |  9.0
Earth Magic    | 3 5 6 7 |  7.6
Evocations     | 3 5 6 7 |  7.1
Invocations    | 3 4 |  4.9
Throwing       | 2 4 |  4.2
Shields        | 2 3 |  3.4
Poison Magic   | 2 |  2.0
Dodging        | |  2.4

Action                     |  1- 3 |  4- 6 |  7- 9 | 10-12 | 13-15 || total
---------------------------+-------+-------+-------+-------+-------++-------
  Melee: Dagger            |    69 |   109 |   150 |   278 |   542 ||  1148
         Battleaxe         |       |     5 |    43 |       |       ||    48
         Punch             |       |     3 |     2 |     1 |     3 ||     9
         Staff             |       |       |       |     3 |     1 ||     4
   Cast: Ensorcelled Hiber |     8 |    36 |    69 |   205 |   243 ||   561
         Tukima's Dance    |     1 |     6 |     3 |     5 |     8 ||    23
         Confusing Touch   |       |     3 |     6 |     3 |    20 ||    32
         Petrify           |       |       |       |    26 |    38 ||    64
         Passwall          |       |       |       |    17 |    25 ||    42
         Apportation       |       |       |       |       |     2 ||     2
  Evoke: Wand              |       |       |       |       |     1 ||     1
         Condenser vane    |       |       |       |       |     1 ||     1
    Use: Scroll            |       |       |     7 |    14 |    10 ||    31
         Potion            |       |       |       |     2 |     1 ||     3
   Stab: Sleeping          |    11 |    29 |    55 |   155 |   255 ||   505
         Confused          |       |     2 |     5 |     3 |    18 ||    28
         Distracted        |       |       |     2 |     1 |     2 ||     5
         Petrified         |       |       |       |    10 |    22 ||    32
         Petrifying        |       |       |       |     1 |       ||     1
         Invisible         |       |       |       |       |     4 ||     4
 Armour: Robe              |    12 |    15 |    18 |       |       ||    45
         Steam dragon scal |       |       |    13 |    73 |   109 ||   195
  Dodge: Dodged            |    48 |    69 |    89 |   149 |   177 ||   532
  Block: Other             |       |    18 |    47 |    63 |    33 ||   161
         Reflection        |       |       |     3 |       |    12 ||    15
         Kite shield       |       |       |       |       |   181 ||   181

Table legend: (Time is in decaauts)
 A = Elapsed time spent in this place.
 B = Non-inter-level travel time spent in this place.
 C = Inter-level travel time spent in this place.
 D = Time resting spent in this place.
 E = Time spent auto-exploring this place.
 F = Levels seen in this place.
 G = Mean time per level.
                   A        B        C        D        E       F      G
               +--------+--------+--------+--------+--------+-----+--------+
         Total |  23118 |  21433 |   1685 |   4523 |  10714 |  22 | 1050.8 |
       Dungeon |  13191 |  12270 |    921 |   3210 |   6173 |  13 | 1014.7 |
        Temple |    169 |     70 |     99 |      0 |     62 |   1 |  169.0 |
          Lair |   5899 |   5518 |    381 |    317 |   3496 |   5 | 1179.8 |
  Orcish Mines |   3030 |   2747 |    283 |    700 |    958 |   2 | 1515.0 |
      Ice Cave |    827 |    827 |      0 |    295 |     25 |   1 |  827.0 |
               +--------+--------+--------+--------+--------+-----+--------+

Top non-repeatable levels by time:
    D:10: 2347 daAuts
  Lair:5: 1746 daAuts
   Orc:2: 1665 daAuts
     D:9: 1450 daAuts
   Orc:1: 1365 daAuts
     D:4: 1306 daAuts
     D:5: 1272 daAuts
  Lair:3: 1224 daAuts
  Lair:1: 1166 daAuts
     D:7: 1045 daAuts
     D:8: 1017 daAuts
  Lair:4: 1008 daAuts
     D:2: 999 daAuts
     D:6: 834 daAuts
    D:11: 828 daAuts
